 Dungeon Crawl Stone Soup version 0.19-a0-526-gbe2e51c (webtiles) character file.

3628 protoss039 the Blocker (level 10, -2/94 HPs)
             Began as a Gargoyle Fighter on June 7, 2016.
             Was a Believer of Okawaru.
             Slain by a killer bee (6 damage)
             ... on level 8 of the Dungeon.
             The game lasted 00:33:38 (7382 turns).

protoss039 the Blocker (Gargoyle Fighter)           Turns: 7382, Time: 00:33:38

Health: -2/94      AC: 25    Str: 21    XL:     10   Next: 11%
Magic:  11/11      EV:  4    Int: 14    God:    Okawaru [**....]
Gold:   350        SH: 18    Dex:  9    Spells: 0 memorised, 9 levels left

rFire  + . .     SeeInvis .     b - +1 mace (venom)
rCold  + . .     Gourm    .     (armour currently unavailable)
rNeg   + + +     Faith    .     i - +1 large shield
rPois  ∞         Spirit   .     (helmet currently unavailable)
rElec  +         Dismiss  .     (cloak currently unavailable)
rCorr  +         Reflect  .     (gloves currently unavailable)
SustAt .         Harm     .     (boots currently unavailable)
MR     .....     NoTele   +     (no amulet)
Stlth  ++........               (no ring)
                                (no ring)

@: brilliant, tree-form, resistant, very slightly contaminated, hasted, very
quick, not resistant to hostile enchantments, unstealthy
A: repulsion field 1, negative energy resistance 1, (electricity resistance),
weak 1, (unbreathing), petrification resistance, rot immunity, subdued magic 1,
AC +7
a: Heroism, Renounce Religion


You were on level 8 of the Dungeon.
You worshipped Okawaru.
Okawaru was pleased with you.
You were very hungry.
You were a tree.
You visited 2 branches of the dungeon, and saw 9 of its levels.

You collected 350 gold pieces.

Inventory:

Hand Weapons
 b - a +1 mace of venom (weapon)
 F - a +2 mace of protection
Armour
 d - a +0 chain mail of magic resistance
 i - a +1 large shield (worn)
 n - a +0 cloak (melded)
 o - a +0 plate armour (melded)
 H - a +0 pair of boots (melded)
Jewellery
 t - a cursed ring of teleportation
 B - a +4 ring of evasion {unknown}
Wands
 r - a wand of teleportation (0/9)
 D - a wand of iceblast (1/15)
 I - a wand of lightning (5/15)
Scrolls
 g - 3 scrolls of enchant weapon
 j - a scroll of enchant armour
 l - a scroll of magic mapping
 p - a scroll of teleportation
 q - a scroll of recharging {unknown}
 v - a scroll of noise {unknown}
 w - a scroll of blinking {unknown}
 x - a scroll of identify
 y - a scroll of remove curse {unknown}
 E - a scroll of holy word {unknown}
Potions
 a - 2 potions of brilliance
 e - 2 potions of lignification
 z - a potion of heal wounds {unknown}
 A - a potion of resistance
Comestibles
 c - 5 fruits
 f - 3 bread rations
 h - 3 meat rations
 k - an inedible chunk of flesh


   Skills:
 * Level 7.5 Fighting
 * Level 7.0 Maces & Flails
 * Level 6.8 Armour
 - Level 1.3 Stealth
 + Level 10.3 Shields
 * Level 2.2 Invocations


You had 9 spell levels left.
You didn't know any spells.

Dungeon Overview and Level Annotations

Branches:
Dungeon (8/15)             Temple (1/1) D:5
   Lair: D:8-11

Altars:
Ashenzari
Cheibriados
Dithmenos
Elyvilon
Fedhas
Gozag
Hepliaklqana
Kikubaaqudgha
Makhleb
Nemelex Xobeh
Okawaru
Pakellas
Qazlal
Ru
Sif Muna
Trog
Uskayaw
Vehumet
Xom
Yredelemnul
Zin
The Shining One

Shops:
D:4 !   D:5 (   D:6 (   D:7 }

Annotations:
D:4 exclusion: statue


Innate Abilities, Weirdness & Mutations

You are resistant to torment.
((Your stone body is resilient. (AC +7)))
You are immune to poison.
You resist negative energy. (rN+)
((You are resistant to electric shocks. (rElec)))
((You can survive without breathing.))
You are immune to petrification.
You are immune to rotting.
You are surrounded by a mild repulsion field. (EV +2)
You are weak. (Str -2)
Your spells are a little easier to cast, but a little less powerful.


Message History

The gnoll hits you but does no damage.
Your necrophage completely misses the killer bee.
You are very lightly contaminated with residual magic.
Unknown command.
Unknown command.
It was a potion of mutation.
You feel extremely strange.
You begin to radiate repulsive energy.
Your connection to magic feels subdued.
You feel weaker. You block the killer bee's attack. x2
The killer bee stings you but does no damage.
You block the killer bee's attack. The killer bee stings you.
* * * LOW HITPOINT WARNING * * *
The killer bee stings you but does no damage. x2
You block the killer bee's attack.
The killer bee stings you but does no damage.
Your shield prevents you from hitting the killer bee.
The killer bee is moderately wounded.
You block the killer bee's attack. x2; The killer bee completely misses you.
The killer bee stings you.
You die...

##. # .. ....#
#. .. ..#.# #%#
#. #...###.# #.
##.#..#.#
#.##......## #
#.yy..#....###
#.##♣yy.........
#..†yyn......#
####g....##.....
##g<.## ###
##.## #.# #..
##.. ..


You could see 6 killer bees, 2 gnolls and a friendly necrophage.

Vanquished Creatures
  Pikel (D:4)
  Prince Ribbit (D:7)
  Sigmund (D:4)
  An ice beast (D:7)
  An orc warrior (D:7)
  A sky beast (D:5)
  A slave (D:4)
  A phantom (D:6)
  7 ogres
  2 centaurs
  Blork the orc (D:3)
  3 giant frogs
  2 scorpions
  6 killer bees
  2 crimson imps
  2 giant frog zombies
  The ghost of nubinia the Stinger, a weakling SpVM of Qazlal (D:3)
  A centaur zombie (D:5)
  Crazy Yiuf (D:3)
  3 orc priests
  2 hounds
  4 orc wizards
  Jessica (D:3)
  Natasha (thrice) (D:3)
  5 worker ants
  8 adders
  3 shadow imps
  An ooze (D:1)
  An adder skeleton (D:4)
  2 worms
  3 dart slugs
  6 giant geckos
  21 orcs
  4 bats
  3 giant cockroaches (D:3)
  7 goblins
  6 hobgoblins
  10 kobolds
  2 quokkas
  A ball python (D:4)
  6 giant newts
  A quokka skeleton (D:5)
  10 rats
149 creatures vanquished.

Vanquished Creatures (collateral kills)
  A queen bee (D:8)
  A killer bee (D:8)
  A hound (D:7)
3 creatures vanquished.

Vanquished Creatures (others)
  A giant cockroach (D:4)
1 creature vanquished.

Grand Total: 153 creatures vanquished

Notes
Turn   | Place    | Note
--------------------------------------------------------------
     0 | D:1      | protoss039 the Gargoyle Fighter began the quest for the Orb.
     0 | D:1      | Reached XP level 1. HP: 14/14 MP: 1/1
   108 | D:1      | Reached XP level 2. HP: 19/19 MP: 2/2
   633 | D:2      | Reached XP level 3. HP: 15/23 MP: 3/3
   977 | D:2      | Reached skill level 4 in Shields
  1142 | D:2      | Found a deep blue altar of Sif Muna.
  1143 | D:2      | Found a blossoming altar of Fedhas.
  1424 | D:2      | Reached XP level 4. HP: 29/29 MP: 4/4
  1794 | D:3      | Noticed Natasha
  1819 | D:3      | Killed Natasha
  1819 | D:3      | Reached XP level 5. HP: 21/33 MP: 5/5
  2090 | D:3      | Noticed nubinia's ghost (weakling SpVM)
  2286 | D:3      | Noticed Jessica
  2291 | D:3      | Killed Jessica
  2291 | D:3      | Reached skill level 5 in Shields
  2300 | D:3      | Killed nubinia's ghost
  2362 | D:3      | Noticed Natasha
  2380 | D:3      | Killed Natasha
  2380 | D:3      | Reached XP level 6. HP: 24/38 MP: 6/6
  2499 | D:3      | Reached skill level 6 in Shields
  2734 | D:3      | Noticed Natasha
  2750 | D:3      | Killed Natasha
  2757 | D:3      | Noticed Crazy Yiuf
  2768 | D:3      | Killed Crazy Yiuf
  2833 | D:4      | Noticed Blork the orc
  2881 | D:3      | Killed Blork the orc
  3089 | D:4      | Noticed Sigmund
  3124 | D:4      | Killed Sigmund
  3124 | D:4      | Reached XP level 7. HP: 31/44 MP: 7/7
  3245 | D:4      | Found a burning altar of Makhleb.
  3437 | D:4      | Noticed a dagger
  3437 | D:4      | Noticed a dagger
  3485 | D:4      | Found a hide-covered altar of Uskayaw.
  3516 | D:4      | Reached skill level 1 in Stealth
  3516 | D:4      | Reached skill level 7 in Shields
  3553 | D:4      | Noticed Pikel
  3573 | D:4      | Killed Pikel
  3573 | D:4      | Reached skill level 5 in Fighting
  3573 | D:4      | Reached skill level 5 in Armour
  3573 | D:4      | Reached skill level 8 in Shields
  3573 | D:4      | Reached XP level 8. HP: 48/49 MP: 8/8
  3579 | D:4      | Reached skill level 5 in Maces & Flails
  3621 | D:4      | Found Jeaguska's Distillery.
  3642 | D:4      | Found a radiant altar of Vehumet.
  3813 | D:5      | Entered Level 5 of the Dungeon
  4126 | D:5      | Found a staircase to the Ecumenical Temple.
  4133 | Temple   | Entered the Ecumenical Temple
  4182 | Temple   | Became a worshipper of Warmaster Okawaru
  4205 | D:5      | Found a glowing golden altar of the Shining One.
  4255 | D:5      | Reached XP level 9. HP: 55/55 MP: 9/9
  4264 | D:5      | Reached skill level 9 in Shields
  4497 | D:5      | Found an opulent altar of Gozag.
  4567 | D:5      | Found Pifiown's Weapon Boutique.
  5258 | D:6      | Found a glowing silver altar of Zin.
  5373 | D:6      | Found a basalt altar of Yredelemnul.
  5593 | D:6      | Found a snail-covered altar of Cheibriados.
  5764 | D:6      | Reached * piety under Okawaru
  5851 | D:6      | Found Zuoschyez's Antique Weapon Boutique.
  6704 | D:7      | Found Hegil's Gadget Shop.
  6926 | D:7      | Noticed Prince Ribbit
  6932 | D:7      | Reached skill level 10 in Shields
  6932 | D:7      | Reached skill level 1 in Invocations
  6954 | D:7      | Killed Prince Ribbit
  6954 | D:7      | Reached ** piety under Okawaru
  7126 | D:8      | Noticed a queen bee
  7127 | D:8      | Reached XP level 10. HP: 63/63 MP: 11/11
  7381 | D:8      | Gained mutation: You are surrounded by a mild repulsion field. (EV +2) [potion of mutation]
  7381 | D:8      | Gained mutation: Your spells are a little easier to cast, but a little less powerful. [potion of mutation]
  7381 | D:8      | Gained mutation: You are weak. (Str -2) [potion of mutation]
  7381 | D:8      | HP: 4/94 [killer bee (1)]
  7382 | D:8      | Slain by a killer bee

Vault maps used:
D:1:      minmay_arrival_checkered_box
D:2:      gammafunk_temple_overflow_pools
D:3:      uniq_natasha, uniq_jessica, uniq_crazy_yiuf_cottage
D:4:      lightli_temple_of_fire, dancing_weapons_uskayaw, vehumet_statue,
          first_bread, serial_shops, nicolae_shop_behind_doors,
          uniq_blork_the_orc, uniq_sigmund, uniq_pikel
D:5:      grunt_gozag_breadcrumbs, overflow_temple_1_default, temple_green,
          serial_shops, shop_fountains
D:6:      yredelemnul_altar_generic, kennysheep_little_box,
          nicolae_overflow_crystal_walls, serial_shops, shop
D:7:      serial_shops, shop_statue, uniq_prince_ribbit1
D:8:      david_nohive_1
Temple:   eino_temple_water_12

Skill      XL: |  1  2  3  4  5  6  7  8  9 10 |
---------------+-------------------------------+-----
Shields        | 4 5 6 8 10 | 10.3
Maces & Flails | 3 4 5 7 |  7.0
Armour         | 4 5 6 |  6.8
Fighting       | 4 5 7 |  7.5
Stealth        | 1 |  1.3
Invocations    | 1 2 |  2.2

Action                   |  1- 3 |  4- 6 |  7- 9 | 10-12 || total
-------------------------+-------+-------+-------+-------++-------
Melee: Flail             |   118 |   380 |       |       ||   498
       Mace              |       |       |   317 |    25 ||   342
Invok: Heroism           |       |       |       |     1 ||     1
Evoke: Wand              |       |       |       |     1 ||     1
  Use: Scroll            |       |     6 |     4 |     1 ||    11
       Potion            |       |     3 |     1 |     6 ||    10
  Eat: Chunk             |     2 |     6 |    12 |       ||    20
       Beef jerky        |       |       |     1 |       ||     1
Armor: Scale mail        |    18 |       |       |       ||    18
       Plate armour      |    33 |   230 |   117 |    87 ||   467
       Skin              |       |       |       |    31 ||    31
Dodge: Dodged            |     8 |    18 |    21 |    28 ||    75
Block: Shield            |     4 |       |       |       ||     4
       Large shield      |    96 |   378 |   307 |   109 ||   890
